 Dungeon Crawl Stone Soup version 0.27-a0-1202-ge72e49191c (webtiles) character file.

Game seed: 10962577516100929992

6 kae the Skirmisher (level 1, -1/18 HPs)
             Began as a Demonspawn Abyssal Knight on June 2, 2021.
             Was an Initiate of Lugonu.
             Slain by a jackal (2 damage)
             ... on level 1 of the Dungeon.
             The game lasted 00:00:10 (205 turns).

kae the Skirmisher (Demonspawn Abyssal Knight)       Turns: 205, Time: 00:00:11

Health: -1/18      AC:  3    Str: 12    XL:     1   Next: 75%
Magic:  2/2        EV: 11    Int: 13    God:    Lugonu [......]
Gold:   15         SH:  0    Dex: 12    Spells: 0/0 levels left

rFire    . . .     SeeInvis .   a - +1 falchion
rCold    . . .     Faith    .   (no shield)
rNeg     . . .     Spirit   .   b - +0 leather armour
rPois    .         Reflect  .   (no helmet)
rElec    .         Harm     .   (no cloak)
rCorr    .         Rampage  .   (no gloves)
Will     .....                  (no boots)
Stlth    +.........             (no amulet)
HPRegen  0.06/turn              (no ring)
MPRegen  0.08/turn              (no ring)

@: no status effects
A: no striking features
a: Renounce Religion


You were on level 1 of the Dungeon.
You worshipped Lugonu.
Lugonu was noncommittal.
You visited 1 branch of the dungeon, and saw 1 of its levels.
You visited the Abyss 1 time.

You collected 15 gold pieces.

Inventory:

Hand Weapons
 a - a +1 falchion (weapon)
Armour
 b - a +0 leather armour (worn)


   Skills:
 + Level 3.1 Fighting
 * Level 2.1 Long Blades
 - Level 1.7 Armour
 - Level 0.8 Dodging
 - Level 2.4 Invocations


You couldn't memorise any spells.
You didn't know any spells.
Your spell library was empty.

Dungeon Overview and Level Annotations

Branches:
Dungeon (1/15)

Altars:


Message History

You hit the jackal but do no damage. The kobold hits you but does no damage.
The jackal closely misses you.
A hobgoblin comes into view.
You hit the jackal but do no damage. The jackal closely misses you.
You riposte.
You closely miss the jackal. The kobold hits you but does no damage.
The jackal bites you but does no damage. x2
You aren't carrying any scrolls.
You aren't carrying any potions.
The kobold hits you but does no damage. The jackal closely misses you.
The jackal bites you.
The jackal bites you but does no damage.
A jackal comes into view.
The jackal closely misses you.
You riposte.
You closely miss the jackal. You hit the jackal.
You kill the jackal!
Lugonu accepts your kill. The kobold closely misses you.
You riposte.
You hit the kobold.
The kobold is moderately wounded.
The jackal bites you.
* * * LOW HITPOINT WARNING * * *
You hit the jackal.
The jackal is moderately wounded.
The jackal closely misses you.
You riposte.
You slash the jackal!
You kill the jackal!
Lugonu accepts your kill. The jackal closely misses you.
The kobold barely misses you.
The jackal bites you but does no damage.
The kobold hits you with a +0 club.
* * * LOW HITPOINT WARNING * * *
The jackal closely misses you.
You riposte.
You hit the jackal but do no damage.
You see here a jackal corpse.
The jackal bites you.
* * * LOW HITPOINT WARNING * * *
The hobgoblin barely misses you. The jackal closely misses you.
You hit the hobgoblin.
The hobgoblin is lightly wounded.
The jackal misses you. The jackal bites you.
You die...

##### #...# #...#
##...##
################......
#.............##......
#.....................
#...Kh................
#...h@..............##
#.....g.............##
#...............>...+.
#...................##
#...................#
#...................#
#........†..........#
#...................#
#...................#


You could see 2 jackals, a hobgoblin and a kobold.

Vanquished Creatures
  A ball python (D:1)
  2 jackals (D:1)
  A quokka (D:1)
  A rat (D:1)
5 creatures vanquished.

Notes
Turn   | Place    | Note
-------+----------+-------------------------------------------
     0 | Abyss:1  | kae the Demonspawn Abyssal Knight began the quest for the
                  | Orb.
     0 | Abyss:1  | Reached XP level 1. HP: 18/18 MP: 2/2
    80 | Abyss:1  | Noticed a thrashing horror
    81 | D:1      | Escaped the Abyss
   205 | D:1      | Slain by a jackal

Illustrated notes

Levels and vault maps discovered:
D:1:      matt_arrival_diagonals, layout_basic,
          hellmonk_ecumenical_altar_arch_garden

Skill      XL: |  1 |
---------------+----+-----
Long Blades    | 2 |  2.1
Fighting       | |  3.1
Armour         | |  1.7
Dodging        | |  0.8
Invocations    | |  2.4

Action                   || total
-------------------------++-------
Melee: Falchion          ||    13
Invok: Depart the Abyss  ||     1
Armor: Leather armour    ||    15
Dodge: Dodged            ||    17
       Rpst.: Falchion   ||     7

Table legend: (Time is in decaauts)
 A = Elapsed time spent in this place.
 B = Non-inter-level travel time spent in this place.
 C = Inter-level travel time spent in this place.
 D = Time resting spent in this place.
 E = Time spent auto-exploring this place.
 F = Levels seen in this place.
 G = Mean time per level.
                   A        B        C        D        E       F      G
               +--------+--------+--------+--------+--------+-----+--------+
         Total |    207 |    207 |      0 |      0 |    174 |   2 |  103.5 |
       Dungeon |    126 |    126 |      0 |      0 |     94 |   1 |  126.0 |
         Abyss |     81 |     81 |      0 |      0 |     80 |   1 |   81.0 |
               +--------+--------+--------+--------+--------+-----+--------+

Top non-repeatable levels by time:
     D:1: 126 daAuts
 Abyss:1: 81 daAuts
